 Seeded DCSS version 0.30.0-5-g1a98f26d00 (webtiles) character file.

Game seed: 995808566446377844 (custom seed)

13472 GigaChad the Blocker (level 12, -2/99 HPs)
             Began as a Formicid Fighter on May 12, 2023.
             Was an Initiate of Gozag.
             Slain by an orc warrior
             ... wielding a +0 glaive
             ... led by an orc knight
              (8 damage)
             ... on level 1 of the Orcish Mines.
             The game lasted 00:15:46 (10617 turns).

GigaChad the Blocker (Formicid Fighter)            Turns: 10617, Time: 00:15:47

Health: -2/99      AC: 20    Str: 27    XL:     12   Next: 33%
Magic:  12/12      EV:  7    Int:  9    God:    Gozag
Gold:   1894       SH: 12    Dex: 15    Spells: 11/11 levels left

rFire   . . .        B - +5 woodcutter's axe
rCold   . . .        c - +0 buckler
rNeg    . . .        u - +2 plate armour
rPois   +            (helmet unavailable)
rElec   .            o - +2 cloak {rPois}
rCorr   .            (no gloves)
SInv    +            (no boots)
Will    +....        E - amulet of reflection Stlth
                     p - ring of poison resistance
HPRegen 0.36/turn    J - +6 ring of strength
MPRegen 0.13/turn

%: reflection
@: gold aura
A: permanent stasis, dig shafts and tunnels, antennae 3, four strong arms, weak
1
a: Dig, Shaft Self, Renounce Religion, Potion Petition, Call Merchant, Bribe
Branch


You were on level 1 of the Orcish Mines.
You worshipped Gozag.
Gozag was most pleased with you.
You visited 3 branches of the dungeon, and saw 13 of its levels.

You collected 1982 gold pieces.
You paid 88 gold pieces to Gozag.

Inventory:

Hand Weapons
 a - a +1 spectral war axe
 m - a +2 quarterstaff of chaos
 B - the +5 woodcutter's axe (weapon)
   (You found it on level 3 of the Dungeon)
 M - a +0 halberd of flaming
Missiles
 I - 4 throwing nets
Armour
 b - a +0 scale mail
 c - a +0 buckler (worn)
 f - a +2 cloak
 l - a +0 chain mail
 o - a +2 cloak of poison resistance (worn)
 u - a +2 plate armour (worn)
 L - +0 swamp dragon scales
 P - the +0 plate armour "Kecuistiha" {+Inv}
   (You found it on level 7 of the Dungeon)

   +Inv:      It lets you turn invisible.
Jewellery
 p - a ring of poison resistance (left hand)
 x - a ring of protection from fire
 y - an amulet of the acrobat
 E - an amulet of reflection (around neck)
 J - a +6 ring of strength (right hand)
 K - a ring of flight
 V - a +5 ring of evasion
Wands
 q - a wand of light (21)
 w - a wand of polymorph (4)
 D - a wand of digging (5)
 H - a wand of charming (14)
Scrolls
 e - 2 scrolls of fog
 g - 3 scrolls of amnesia
 j - 4 scrolls of teleportation
 r - 2 scrolls of poison
 s - 2 scrolls of identify
 F - 2 scrolls of noise
 Q - 3 scrolls of blinking
 S - a scroll of silence
 T - a scroll of fear
 U - a scroll of torment
 W - a scroll of immolation
Potions
 d - 2 potions of might
 h - a potion of lignification
 i - a potion of cancellation
 k - 3 potions of heal wounds
 n - 5 potions of flight
 t - 2 potions of invisibility
 v - a potion of attraction {unknown}
 z - 3 potions of degeneration
 A - 3 potions of curing
 C - 3 potions of berserk rage
 G - 2 potions of magic
 N - a potion of ambrosia
 O - a potion of resistance
 R - a potion of mutation


   Skills:
 * Level 10.6 Fighting
 * Level 10.3 Axes
 * Level 10.1 Armour
 * Level 11.6 Shields
 * Level 6.6 Evocations


You had 11 spell levels left.
You didn't know any spells.
Your spell library contained the following spells:

 Spells                   Type           Power      Damage    Failure   Level
 Sandblast                Erth           0%         2d4       98%         1
 Cigotuvi's Dreadful Rot  Necr/Pois/Air  0%         N/A       99%         2
 Poisonous Vapours        Pois/Air       0%         N/A       99%         2
 Call Canine Familiar     Summ           0%         N/A       100%        3
 Inner Flame              Hex/Fire       0%         N/A       100%        3
 Mephitic Cloud           Conj/Pois/Air  0%         N/A       100%        3
 Portal Projectile        Hex/Tloc       0%         N/A       100%        3
 Tukima's Dance           Hex            0%         N/A       100%        3
 Dispel Undead            Necr           0%         3d6       100%        4
 Leda's Liquefaction      Hex/Erth       0%         N/A       100%        4
 Passage of Golubria      Tloc           0%         N/A       100%        4
 Freezing Cloud           Conj/Ice/Air   0%         6-21      100%        5
 Yara's Violent Unravell  Hex/Tmut       0%         3d3       100%        5
 Death Channel            Necr           0%         N/A       100%        6
 Enfeeble                 Hex            0%         N/A       100%        7


Dungeon Overview and Level Annotations

Branches:
Dungeon (11/15)            Temple (1/1) D:7            Lair (0/5) D:11
    Orc (1/2) D:11

Altars:
Ashenzari
Cheibriados
Dithmenos
Elyvilon
Fedhas
Gozag
Hepliaklqana
Kikubaaqudgha
Makhleb
Nemelex Xobeh
Okawaru
Qazlal
Ru
Sif Muna
Trog
Uskayaw
Vehumet
Wu Jian
Xom
Yredelemnul
Zin
The Shining One

Shops:
D:2 [   D:7 *


Innate Abilities, Weirdness & Mutations

You cannot be hasted, slowed, berserked, paralysed or teleported.
You can dig through walls and to a lower floor.
You have a pair of large antennae on your head. (SInv)
Your four strong arms can wield two-handed weapons with a shield.
You are weak. (Str -2)


Message History

The sun demon is moderately wounded.
You barely miss the orc.
The orc is no longer distracted by gold.
The sun demon hits you!
You are engulfed in flames!
* * * LOW HITPOINT WARNING * * *
The orc barely misses you.
The orc is distracted by your dazzling golden aura.
You are too injured to fight recklessly!
Unknown command.
You are too injured to fight recklessly!
Unknown command.
You are too injured to fight recklessly!
Unknown command.
You are too injured to fight recklessly!
Unknown command.
You are too injured to fight recklessly!
You barely miss the orc.
The orc shouts!
You hit the sun demon. You slice the orc!!
You kill the orc!
The orc sorcerer is no longer distracted by gold.
The sun demon hits you.
* * * LOW HITPOINT WARNING * * *
You are engulfed in flames!
* * * LOW HITPOINT WARNING * * *
The orc sorcerer's eyes start to glow.
The sun demon hits you but does no damage.
You block the orc warrior's attack. The orc hits you with a +0 hand axe.
* * * LOW HITPOINT WARNING * * *
You slice the orc sorcerer!!
The orc sorcerer is severely wounded.
You hit the orc but do no damage. You slash the sun demon!
The orc is no longer distracted by gold. x2
The orc knight is no longer distracted by gold.
The sun demon closely misses you.
The orc sorcerer hits you with a +0 dagger.
* * * LOW HITPOINT WARNING * * *
The orc warrior hits you from afar with a +0 glaive!
You die...
Your body crumbles into a pile of gold.

......#......$....#
...........>..#....
$..................
.......<>..........
.........).........
...................
......$........#.#.
............$.##.##
..##...#..o@o.....#
. #.....#.3.$.....#
##.......##o.^.##
###.....# .o$##
###..#. o.o. .....
o.o.. .... . ._..
..... ....


You could see an orc knight, a sun demon (summoned), an orc sorcerer (strong), 2
orc warriors, an orc wizard (strong, invisible) and 3 orcs.

Vanquished Creatures
  Erolcha (Orc:1)
  Harold (D:9)
  A two-headed ogre (D:9)
  A tengu warrior (D:11)
  A deep elf pyromancer (D:10)
  Joseph (D:8)
  Maggie (D:6)
  3 kobold demonologists
  A troll (D:11)
  2 shadows
  A wyvern (D:7)
  17 yaks
  Grum (D:9)
  3 steam dragons
  4 wargs (D:11)
  2 acid dragons
  4 water moccasins
  6 orc warriors
  4 sky beasts (D:7)
  7 black bears
  3 wolves (D:9)
  An ogre (D:6)
  2 centaurs
  A phantom (D:6)
  A bullfrog (D:9)
  5 kobold brigands
  A gnoll sergeant (D:3)
  11 killer bees
  3 howler monkeys (D:9)
  An electric eel (D:7)
  Crazy Yiuf (D:2)
  4 jellies
  7 orc priests
  2 hounds
  Jessica (D:2)
  An iguana (D:6)
  A sleepcap (D:8)
  18 orc wizards
  13 gnolls
  9 adders
  2 white imps
  2 worms
  3 dart slugs (D:1)
  30 orcs
  9 bats
  9 endoplasms
  4 giant cockroaches (D:2)
  7 goblins
  8 hobgoblins
  6 jackals
  2 quokkas
  8 ball pythons
  7 frilled lizards
  28 kobolds
  7 rats
280 creatures vanquished.

Vanquished Creatures (others)
  A scorpion (D:7)
  An orc wizard (D:7)
2 creatures vanquished.

Grand Total: 282 creatures vanquished

Notes
Turn   | Place    | Note
-------+----------+-------------------------------------------
     0 | D:1      | GigaChad the Formicid Fighter began the quest for the Orb.
     0 | D:1      | Reached XP level 1. HP: 18/18 MP: 1/1
   101 | D:1      | Reached XP level 2. HP: 24/24 MP: 2/2
   292 | D:1      | Reached XP level 3. HP: 24/29 MP: 3/3
   746 | D:2      | Reached XP level 4. HP: 34/37 MP: 4/4
  1056 | D:2      | Noticed Jessica
  1069 | D:2      | Killed Jessica
  1070 | D:2      | Reached XP level 5. HP: 41/42 MP: 5/5
  1290 | D:2      | Found a runed translucent door.
  1291 | D:2      | Noticed Crazy Yiuf
  1304 | D:2      | Killed Crazy Yiuf
  1432 | D:2      | Found Jelan's Armour Emporium.
  1638 | D:3      | Reached skill level 5 in Shields
  1639 | D:3      | Reached XP level 6. HP: 48/48 MP: 6/6
  1830 | D:3      | Found a basalt altar of Yredelemnul.
  1952 | D:3      | Found a faded altar of an unknown god.
  1959 | D:3      | Got Plato's Discourse on the Mesa
  2031 | D:3      | Found the +5 woodcutter's axe
  2040 | D:3      | You fall into a shaft and drop 1 floor!
  2799 | D:3      | Reached skill level 5 in Axes
  2816 | D:3      | Found a shadowy altar of Dithmenos.
  2987 | D:4      | Reached XP level 7. HP: 54/54 MP: 7/7
  3229 | D:5      | Entered Level 5 of the Dungeon
  3691 | D:5      | Reached skill level 1 in Evocations
  3698 | D:5      | Reached skill level 5 in Armour
  3948 | D:5      | Found an opulent altar of Gozag.
  4296 | D:5      | Became a worshipper of Gozag Ym Sagoz the Greedy
  4353 | D:6      | Reached XP level 8. HP: 61/61 MP: 8/8
  4356 | D:6      | Reached skill level 5 in Fighting
  4756 | D:6      | Reached skill level 6 in Shields
  5036 | D:6      | Noticed Maggie
  5045 | D:6      | Killed Maggie
  5046 | D:6      | Reached XP level 9. HP: 66/69 MP: 9/9
  5157 | D:7      | Reached skill level 7 in Shields
  5392 | D:7      | Found a staircase to the Ecumenical Temple.
  5487 | Temple   | Entered the Ecumenical Temple
  5600 | D:7      | Found Walamuit's Neck Hole.
  5657 | D:7      | Found a shimmering blue altar of Sif Muna.
  5706 | D:7      | Found a blossoming altar of Fedhas.
  6174 | D:7      | Found a shimmering altar of Xom.
  6180 | D:7      | Reached skill level 8 in Shields
  6180 | D:7      | Reached XP level 10. HP: 66/79 MP: 10/10
  6209 | D:7      | Identified the +0 plate armour "Kecuistiha" {+Inv}
  6720 | D:8      | Noticed Joseph
  6729 | D:8      | Killed Joseph
  6821 | D:8      | Reached skill level 9 in Shields
  6890 | D:8      | Found a radiant altar of Vehumet.
  6920 | D:8      | Found a sparkling altar of Nemelex Xobeh.
  7190 | D:9      | Noticed a kobold demonologist
  7190 | D:9      | Noticed a kobold demonologist
  7193 | D:9      | Killed a kobold demonologist
  7204 | D:9      | Gained mutation: You are weak. (Str -2) [a neqoxec]
  7221 | D:9      | Killed a kobold demonologist
  7258 | D:9      | Reached skill level 5 in Evocations
  7258 | D:9      | Reached XP level 11. HP: 58/87 MP: 11/11
  7480 | D:9      | Noticed Grum
  7497 | D:9      | Killed Grum
  7667 | D:9      | Noticed a two-headed ogre
  7677 | D:9      | HP: 3/87 [two-headed ogre/+0 giant club (6)]
  7679 | D:9      | Killed a two-headed ogre
  7680 | D:9      | Reached skill level 10 in Shields
  8363 | D:9      | Noticed Harold
  8375 | D:9      | Killed Harold
  8471 | D:10     | Entered Level 10 of the Dungeon
  8937 | D:10     | Noticed a deep elf pyromancer
  8946 | D:10     | Killed a deep elf pyromancer
  9394 | D:11     | Found a staircase to the Lair.
  9453 | D:11     | Reached skill level 11 in Shields
  9474 | D:11     | Found a staircase to the Orcish Mines.
  9484 | D:11     | Reached skill level 10 in Fighting
  9484 | D:11     | Reached skill level 10 in Axes
  9857 | D:11     | Reached XP level 12. HP: 87/97 MP: 12/12
 10224 | D:11     | Noticed a tengu warrior
 10233 | D:11     | Killed a tengu warrior
 10234 | D:11     | Reached skill level 10 in Armour
 10588 | Orc:1    | Entered Level 1 of the Orcish Mines
 10590 | Orc:1    | Noticed Erolcha
 10597 | Orc:1    | Killed Erolcha
 10607 | Orc:1    | Noticed a sun demon
 10617 | Orc:1    | Slain by an orc warrior

Illustrated notes

Levels and vault maps discovered:
D:1:      lightli_arrival_isolated_outpost, layout_basic
D:2:      layout_basic, serial_shops, nicolae_diamond_shop, st_stairs_9,
          hex_intersection, uniq_jessica, uniq_crazy_yiuf_cottage
D:3:      layout_rooms, nicolae_overflow_hidden_temple,
          mainiacjoe_overflow_catwalk, shapermc_ecumenical_altar_rom_forum,
          pf_guarded_unrand_woodcutter
D:4:      layout_rooms, kennysheep_generic_room_13
D:5:      layout_loops_corners, nicolae_gozag_cash_rules_everything_around_me,
          minmay_misc_feat_room, hangedman_decor_lopped
D:6:      layout_rooms, grunt_ministairs_12, uniq_maggie
D:7:      layout_gridville, xom_confusion_cloud, kennysheep_orc_sif_temple,
          fedhas_altar_3, minmay_temple_entry_nine_rooms, serial_park_tiny_pond,
          small_statue_intersection, minmay_misc_feat_five,
          nicolae_shop_sticking_my_neck_out
D:8:      layout_basic, mainiacjoe_overflow_catch_the_wave, uniq_joseph
D:9:      layout_irregular_city, uniq_harold, uniq_grum
D:10:     layout_loops_corners
D:11:     layout_small_grid, due_lair_maze_entry_diamond,
          minmay_orc_entry_guard_dogs, nrook_loot_triangle
Temple:   nicolae_temple_great_sept
Orc:1:    layout_caves, mines2_david, uniq_erolcha

Skill      XL: |  1  2  3  4  5  6  7  8  9 10 11 12 |
---------------+-------------------------------------+-----
Axes           | 3 4 5 6 7 8 10 | 10.3
Armour         | 4 5 6 7 8 9 10 | 10.1
Shields        | 5 6 8 9 11 | 11.6
Fighting       | 4 5 7 8 10 | 10.6
Evocations     | 1 2 4 5 6 |  6.6

Action                     |  1- 3 |  4- 6 |  7- 9 | 10-12 || total
---------------------------+-------+-------+-------+-------++-------
  Melee: War axe           |    76 |   171 |       |       ||   247
         Battleaxe         |       |    18 |   190 |   326 ||   534
Ability: Shaft Self        |       |     1 |       |       ||     1
    Use: Scroll            |       |    11 |       |    22 ||    33
   Stab: Distracted        |       |       |     1 |     3 ||     4
 Armour: Scale mail        |    30 |       |       |       ||    30
         Chain mail        |    32 |    15 |       |       ||    47
         Plate armour      |       |   111 |    88 |   160 ||   359
  Dodge: Dodged            |    47 |    76 |    44 |    64 ||   231
  Block: Buckler           |    23 |    58 |    84 |   163 ||   328
         Reflection        |       |       |     3 |     5 ||     8
